[Event "January 9 Late 2024"]
[Site "https://www.chess.com"]
[Date "2024.01.09"]
[Round "3"]
[White "Suder, Jakub"]
[Black "Zeltsan, Joseph"]
[Result "1-0"]
[Board "81"]
[TimeControl "180+1"]
[WhiteFideId "1195310"]
[BlackFideId "30932980"]
[WhiteElo "2523"]
[BlackElo "2738"]
[WhiteTeam "POL"]
[BlackTeam "USA"]
[WhiteClock "0:00:53"]
[BlackClock "0:00:06"]

1. d4 Nf6 2. c4 c5 3. d5 e6 4. Nc3 exd5 5. cxd5 d6 6. e4 g6 7. Nf3 Bg7 8. h3 O-O 9. Bd3 Re8 10. O-O a6 11. a4 Nbd7 12. Bf4 c4 13. Bc2 Nc5 14. Re1 Nh5 15. Bh2 g5 16. e5 g4 17. hxg4 Bxg4 18. Qd4 Bxf3 19. gxf3 dxe5 20. Qxc5 Rc8 21. Qe3 Kh8 22. Bf5 Rg8 23. Kh1 Qh4 24. Rg1 Bh6 25. Qxh6 Ng3+ 26. Rxg3 Qxh6 27. Bxc8 Rxc8 28. Kg2 Qh5 29. Ne4 f5 30. Nd6 Rd8 31. Nxc4 f4 32. Rg4 e4 33. Bxf4 exf3+ 34. Kg3 Re8 35. d6 Qd5 36. b3 h6 37. Rh1 Re6 38. Be5+ Kh7 39. Rg7+ Kh8 40. Rg4+ Kh7 41. Bf4 h5 42. Rg5 Rg6 43. Rxh5+ 1-0

[Event "January 9 Late 2024"]
[Site "https://www.chess.com"]
[Date "2024.01.09"]
[Round "3"]
[White "Kosteniuk, Alexandra"]
[Black "Dubnevych, Maksym"]
[Result "0-1"]
[Board "82"]
[TimeControl "180+1"]
[WhiteFideId "4128125"]
[BlackFideId "14184001"]
[WhiteElo "2737"]
[BlackElo "2523"]
[WhiteTeam "SUI"]
[BlackTeam "UKR"]
[WhiteClock "0:00:12"]
[BlackClock "0:00:06"]

1. d4 Nf6 2. c4 e6 3. Nc3 Bb4 4. f3 c5 5. e4 cxd4 6. Qxd4 Nc6 7. Qd3 d5 8. cxd5 exd5 9. Bd2 O-O 10. O-O-O Ne5 11. Qb5 Qb6 12. Qxb6 axb6 13. exd5 Bf5 14. Bf4 Ng6 15. Bc7 Bxc3 16. bxc3 Rxa2 17. g4 Nxg4 18. fxg4 Be4 19. Rd4 Bxh1 20. d6 Bc6 21. Kb1 Rfa8 22. Bc4 Ra1+ 23. Kb2 Rxg1 24. d7 Rg2+ 25. Kb3 Ba4+ 26. Kb4 Bxd7 27. Rxd7 Rb2+ 28. Bb3 Rf2 29. Bxb6 Ne5 30. Bxf2 Nxd7 31. Bd4 Nb8 32. Kb5 Nc6 33. Kb6 Nxd4 34. cxd4 Ra3 35. Bc4 Kf8 36. d5 Ke7 37. Kc5 Kd7 38. Bb5+ Kd8 39. Kb6 Rh3 0-1

[Event "January 9 Late 2024"]
[Site "https://www.chess.com"]
[Date "2024.01.09"]
[Round "3"]
[White "Hambleton, Aman"]
[Black "Tikhonov, Viacheslav"]
[Result "1/2-1/2"]
[Board "83"]
[TimeControl "180+1"]
[WhiteFideId "2606577"]
[BlackFideId "44196407"]
[WhiteElo "2711"]
[BlackElo "2523"]
[WhiteTeam "CAN"]
[BlackTeam "RUS"]
[WhiteClock "0:00:01"]
[BlackClock "0:00:15"]

1. d4 Nf6 2. Bf4 d5 3. e3 c5 4. c3 e6 5. Nd2 Bd6 6. Ngf3 Bxf4 7. exf4 cxd4 8. Nxd4 Nc6 9. N2f3 O-O 10. Bd3 Qc7 11. g3 Nxd4 12. Nxd4 e5 13. fxe5 Qxe5+ 14. Qe2 Qxe2+ 15. Kxe2 Bg4+ 16. f3 Rfe8+ 17. Kf2 Bd7 18. g4 h6 19. h4 Re5 20. Rad1 Rae8 21. Rhg1 Kf8 22. Rd2 a6 23. a3 Bc8 24. Bb1 Nd7 25. Ne2 Nb6 26. Ba2 Bd7 27. Nf4 Bc6 28. Re2 Rxe2+ 29. Nxe2 Bb5 30. Nd4 Bc4 31. Bb1 Nd7 32. Rd1 Nc5 33. Bc2 a5 34. Rd2 a4 35. Nf5 b5 36. Ne3 Re5 37. Rd4 Ne6 38. Rd2 Nf4 39. Nf5 g6 40. Nxh6 f6 41. g5 f5 42. Kg3 Ne2+ 43. Kf2 Nf4 44. Bb1 Kg7 45. Bc2 Kf8 1/2-1/2

[Event "January 9 Late 2024"]
[Site "https://www.chess.com"]
[Date "2024.01.09"]
[Round "3"]
[White "Rozman, Levy"]
[Black "Tissir, Mohamed"]
[Result "1-0"]
[Board "84"]
[TimeControl "180+1"]
[WhiteFideId "2039877"]
[BlackFideId "9000240"]
[WhiteElo "2706"]
[BlackElo "2520"]
[WhiteTeam "USA"]
[BlackTeam "MAR"]
[WhiteClock "0:00:08"]
[BlackClock "0:00:04"]

1. e4 c5 2. a3 Qc7 3. Nc3 e6 4. Nf3 a6 5. d4 cxd4 6. Qxd4 Nc6 7. Qd3 b5 8. Be2 Bb7 9. Bg5 Nf6 10. O-O Ng4 11. Bh4 Bd6 12. Bg3 Bxg3 13. hxg3 O-O 14. Rad1 Rfd8 15. Nd4 Nge5 16. Qe3 Nxd4 17. Rxd4 Rac8 18. Rfd1 Ng6 19. f4 e5 20. Rd6 Qc5 21. Qxc5 Rxc5 22. Rxd7 Rxd7 23. Rxd7 Bc6 24. Rd8+ Nf8 25. Rc8 g6 26. f5 f6 27. Bd3 Kg7 28. Ne2 gxf5 29. b4 fxe4 30. bxc5 exd3 31. Rxc6 dxe2 32. Kf2 Ng6 33. Rd6 e4 34. c6 Ne5 35. c7 1-0

[Event "January 9 Late 2024"]
[Site "https://www.chess.com"]
[Date "2024.01.09"]
[Round "3"]
[White "Martinez Ramirez, Lennis"]
[Black "Espinoza Palomino, Willyam"]
[Result "1-0"]
[Board "85"]
[TimeControl "180+1"]
[WhiteFideId "3509079"]
[BlackFideId "3804852"]
[WhiteElo "2701"]
[BlackElo "2519"]
[WhiteTeam "CUB"]
[BlackTeam "PER"]
[WhiteClock "0:00:16"]
[BlackClock "0:00:00"]

1. d4 Nf6 2. Nf3 e6 3. g3 c5 4. Bg2 Nc6 5. O-O d5 6. c4 dxc4 7. Ne5 Bd7 8. Nxd7 Qxd7 9. dxc5 Bxc5 10. Na3 c3 11. Qc2 Nd4 12. Qd3 Rd8 13. bxc3 Nc6 14. Qc4 Qe7 15. Nc2 O-O 16. Bg5 h6 17. Bxf6 gxf6 18. Rad1 Ne5 19. Qf4 Kg7 20. Nd4 Ng6 21. Qf3 Rd7 22. e3 Rfd8 23. Rb1 Ne5 24. Qe2 Rc8 25. Rb3 Bb6 26. Rfb1 Nc4 27. Qg4+ Kh8 28. Qh5 Kg7 29. Rd1 Rc5 30. Qg4+ Rg5 31. Qe2 Na5 32. Rb5 Rc5 33. Rxc5 Bxc5 34. Qb5 b6 35. Qxd7 Qxd7 36. Nf5+ exf5 37. Rxd7 Nc4 38. Bd5 Ne5 39. Rxa7 Nd3 40. Rxf7+ Kg6 41. Rd7 f4 42. Bf7+ Kg5 43. Rxd3 1-0

[Event "January 9 Late 2024"]
[Site "https://www.chess.com"]
[Date "2024.01.09"]
[Round "3"]
[White "Play, Gilles"]
[Black "Dyachuk, Artem"]
[Result "1-0"]
[Board "86"]
[TimeControl "180+1"]
[WhiteFideId "45130892"]
[BlackFideId "34107924"]
[WhiteElo "2513"]
[BlackElo "2697"]
[WhiteTeam "FRA"]
[BlackTeam "UKR"]
[WhiteClock "0:00:08"]
[BlackClock "0:00:00"]

1. e4 c5 2. c3 d5 3. exd5 Qxd5 4. d4 Nf6 5. Nf3 e6 6. Na3 Be7 7. Nb5 Na6 8. Be2 O-O 9. O-O Qd8 10. Bf4 Nd5 11. Bg3 b6 12. Ne5 Bb7 13. Bf3 cxd4 14. c4 Bf6 15. cxd5 Bxd5 16. Qxd4 Bxf3 17. Qxd8 Rfxd8 18. Nxf3 Bxb2 19. Rad1 h6 20. Rxd8+ Rxd8 21. Nxa7 Ra8 22. Nc6 Nc5 23. h3 Rxa2 24. Ne7+ Kh7 25. Nc8 b5 26. Nd6 b4 27. Nc4 Bc3 28. Bd6 Ne4 29. Be5 Bxe5 30. Nfxe5 b3 31. Rb1 Rc2 32. Rxb3 f6 33. Nd7 Rxc4 34. Nf8+ Kg8 35. Nxe6 Rc1+ 36. Kh2 Kf7 37. Nd4 Nxf2 38. Rb7+ Kg6 39. Ne6 Rh1+ 40. Kg3 Ne4+ 41. Kf4 f5 42. g4 Rf1+ 43. Ke5 fxg4 44. hxg4 Kh7 45. Kxe4 Re1+ 46. Kd5 Rd1+ 47. Ke5 Re1+ 48. Kd6 Rd1+ 49. Ke7 Kg6 50. Ke8 Kf6 51. Nxg7 Kg5 52. Rb4 Rg1 53. Ne6+ Kh4 54. g5+ Kh5 55. Nf4+ Kg4 56. Ne2+ Kxg5 57. Nxg1 1-0

[Event "January 9 Late 2024"]
[Site "https://www.chess.com"]
[Date "2024.01.09"]
[Round "3"]
[White "Tarhan, Adar"]
[Black "Mullodzhanov, Nathaniel"]
[Result "1-0"]
[Board "87"]
[TimeControl "180+1"]
[WhiteFideId "34544712"]
[BlackFideId "30961580"]
[WhiteElo "2696"]
[BlackElo "2512"]
[WhiteTeam "TUR"]
[BlackTeam "USA"]
[WhiteClock "0:00:21"]
[BlackClock "0:00:09"]

1. e4 c6 2. d4 d5 3. Nc3 dxe4 4. Nxe4 Nf6 5. Nxf6+ exf6 6. Bc4 Bd6 7. Qe2+ Qe7 8. Qxe7+ Kxe7 9. Ne2 Be6 10. Bd3 Nd7 11. Nf4 Rhe8 12. Nxe6 fxe6 13. Bxh7 f5 14. Bg6 Rh8 15. Bg5+ Nf6 16. h4 Raf8 17. O-O-O Kd7 18. f3 Nd5 19. c4 Bf4+ 20. Kb1 Bxg5 21. cxd5 Bxh4 22. dxe6+ Kxe6 23. g4 f4 24. Bc2 Bf2 25. Bb3+ Kd6 26. Rhf1 Be3 27. d5 c5 28. Rh1 b5 29. Bc2 a5 30. Be4 c4 31. Rh5 Rxh5 32. gxh5 Rf6 33. Rh1 Ke5 34. Rh4 b4 35. Rg4 Rh6 36. Rg5+ Kd4 37. d6 Rxd6 38. Rxg7 c3 39. b3 Rh6 40. Rg5 Bf2 41. Kc2 Ke3 42. Rxa5 Rd6 43. Rd5 Rxd5 44. Bxd5 Bh4 45. h6 Bf6 46. h7 Bd4 47. Be4 Be5 48. Kd1 Bd4 49. Kc1 Be5 50. Kb1 Bf6 51. a4 bxa3 52. Ka2 Kd2 53. b4 c2 54. Bxc2 Kxc2 55. b5 Kd3 56. b6 Ke3 57. b7 Be5 58. h8=Q Bxh8 59. b8=Q Bb2 60. Qb7 Kf2 61. Qe4 Kg3 62. Kb3 Bc1 63. Qe1+ Kxf3 64. Qxc1 Kg4 65. Qf1 f3 66. Kxa3 Kg3 67. Kb3 Kf4 68. Kc3 Ke3 69. Qe1+ Kf4 70. Kd3 Kg4 71. Ke4 f2 72. Qxf2 Kg5 73. Qf5+ Kh6 74. Qg4 Kh7 75. Kf5 Kh8 76. Kf6 Kh7 77. Qg7# 1-0

[Event "January 9 Late 2024"]
[Site "https://www.chess.com"]
[Date "2024.01.09"]
[Round "3"]
[White "Jaiveer Mahendru"]
[Black "Sieciechowicz, Marcin"]
[Result "1/2-1/2"]
[Board "88"]
[TimeControl "180+1"]
[WhiteFideId "25611151"]
[BlackFideId "1130170"]
[WhiteElo "2511"]
[BlackElo "2691"]
[WhiteTeam "IND"]
[BlackTeam "POL"]
[WhiteClock "0:00:13"]
[BlackClock "0:00:08"]

1. f4 d5 2. Nf3 c6 3. g3 g6 4. Bg2 Qb6 5. d3 Bg7 6. c3 Nf6 7. Qc2 Ng4 8. e4 Ne3 9. Bxe3 Qxe3+ 10. Qe2 Qb6 11. Na3 O-O 12. h4 dxe4 13. dxe4 Bg4 14. Nc4 Qa6 15. Ne3 Qxe2+ 16. Kxe2 Bxf3+ 17. Bxf3 Nd7 18. h5 Rfd8 19. hxg6 hxg6 20. f5 Ne5 21. fxg6 fxg6 22. Bg4 Rd6 23. Rad1 Rad8 24. Be6+ Kf8 25. Bb3 Rxd1 26. Rxd1 Rxd1 27. Nxd1 Bh6 28. Be6 Ke8 29. b3 Kd8 30. Nf2 Kc7 31. Nh3 Kd6 32. Bg8 b5 33. Nf4 a5 34. Ne6 Bc1 35. Nf4 Bxf4 36. gxf4 Nd7 37. e5+ Kc5 38. Bf7 Nf8 39. Kf3 b4 40. cxb4+ axb4 41. Kg4 Kd4 42. Kg5 Ke3 43. e6 c5 44. Kh6 Kxf4 45. Kg7 Nxe6+ 46. Bxe6 g5 47. Kf7 g4 48. Kxe7 g3 49. Bh3 Ke5 50. Kd7 Kd4 51. Kc6 c4 52. bxc4 Kxc4 53. Be6+ Kc3 54. Bd5 Kb2 55. Kb5 g2 56. Bxg2 Kxa2 57. Kxb4 1/2-1/2

[Event "January 9 Late 2024"]
[Site "https://www.chess.com"]
[Date "2024.01.09"]
[Round "3"]
[White "Martins, Bruno Andre Leite"]
[Black "Llorente Zaro, Alfonso"]
[Result "0-1"]
[Board "89"]
[TimeControl "180+1"]
[WhiteFideId "1942255"]
[BlackFideId "2254131"]
[WhiteElo "2511"]
[BlackElo "2688"]
[WhiteTeam "POR"]
[BlackTeam "ESP"]
[WhiteClock "0:00:00"]
[BlackClock "0:00:07"]

1. e4 e6 2. d4 d5 3. Nd2 Bd7 4. Ngf3 dxe4 5. Nxe4 Bc6 6. Ng3 Nd7 7. Bd3 Ngf6 8. O-O Be7 9. Re1 b5 10. Bf4 O-O 11. Qe2 Nd5 12. Bd2 a6 13. c3 N5b6 14. Nh5 Nf6 15. Ne5 Bb7 16. Bg5 Nbd5 17. h4 Ne8 18. Bxe7 Qxe7 19. Qg4 Kh8 20. Re2 g6 21. Ng3 f5 22. Qf3 Qxh4 23. Nd7 Rf7 24. Nc5 Bc6 25. Rxe6 Nd6 26. Qe2 Nf4 27. Qe5+ Kg8 28. Bf1 Raf8 29. Re1 Bd5 30. Re7 Rxe7 31. Qxe7 Qxe7 32. Rxe7 Rf7 33. Rxf7 Kxf7 34. Nxa6 Bxa2 35. Nxc7 Bc4 36. Bxc4+ bxc4 37. Kf1 Nd3 38. Na6 Nxb2 39. Ke2 Na4 40. Kd2 Ke6 41. f3 h5 42. Ne2 g5 43. Nb4 h4 44. Nc2 Nb6 45. Ne3 Nd5 46. Nxd5 Kxd5 47. Ke3 Nb5 48. Kd2 Ke6 49. Ng1 g4 0-1

[Event "January 9 Late 2024"]
[Site "https://www.chess.com"]
[Date "2024.01.09"]
[Round "3"]
[White "Skvortsov, Andrei"]
[Black "Silva, Caio Henrique Angelico"]
[Result "1-0"]
[Board "90"]
[TimeControl "180+1"]
[WhiteFideId "24108600"]
[BlackFideId "22777210"]
[WhiteElo "2677"]
[BlackElo "2510"]
[WhiteTeam "MNE"]
[BlackTeam "BRA"]
[WhiteClock "0:01:21"]
[BlackClock "0:00:16"]

1. e4 c6 2. d4 d5 3. e5 c5 4. c3 Nc6 5. Bb5 Bf5 6. dxc5 e6 7. b4 Ne7 8. Nf3 a5 9. a4 Bg4 10. Nbd2 Ng6 11. h3 Bxf3 12. Nxf3 Qc7 13. Qe2 Be7 14. O-O O-O 15. Bxc6 Qxc6 16. Nd4 Qc7 17. f4 axb4 18. cxb4 b6 19. Nb5 Qc6 20. cxb6 Bxb4 21. Be3 Ba5 22. Rfc1 Qb7 23. Nd6 Qb8 24. Qb5 d4 25. Bxd4 Nxf4 26. b7 Ra7 27. Ra2 Bc7 28. Rxc7 Qxc7 29. Bxa7 Qc1+ 30. Qf1 Ne2+ 31. Rxe2 1-0

[Event "January 9 Late 2024"]
[Site "https://www.chess.com"]
[Date "2024.01.09"]
[Round "3"]
[White "Lewtak, Damian"]
[Black "Avramidou, Anastasia"]
[Result "0-1"]
[Board "91"]
[TimeControl "180+1"]
[WhiteFideId "1141724"]
[BlackFideId "4239873"]
[WhiteElo "2676"]
[BlackElo "2510"]
[WhiteTeam "POL"]
[BlackTeam "GRE"]
[WhiteClock "0:01:47"]
[BlackClock "0:02:04"]

1. e4 g6 2. d4 Bg7 3. Nc3 d6 4. f4 a6 5. Nf3 b5 6. Bd3 Bb7 7. Be3 Nd7 8. Qd2 c5 9. a3 Ngf6 10. e5 Ng4 11. exd6 exd6 12. Be4 Bxe4 13. Nxe4 Qe7 14. Nfg5 h6 15. dxc5 hxg5 0-1

[Event "January 9 Late 2024"]
[Site "https://www.chess.com"]
[Date "2024.01.09"]
[Round "3"]
[White "Petre, Nad-Titus"]
[Black "Lund, Gunnar"]
[Result "0-1"]
[Board "92"]
[TimeControl "180+1"]
[WhiteFideId "1204165"]
[BlackFideId "1520814"]
[WhiteElo "2506"]
[BlackElo "2676"]
[WhiteTeam "ROU"]
[BlackTeam "NOR"]
[WhiteClock "0:00:03"]
[BlackClock "0:00:19"]

1. d4 d5 2. c4 e6 3. Nc3 Nf6 4. cxd5 exd5 5. Bg5 Be7 6. e3 c6 7. Bd3 Nbd7 8. Nge2 h6 9. Bh4 Nh5 10. Bxe7 Qxe7 11. Qc2 Nb6 12. O-O-O Bd7 13. Kb1 O-O-O 14. Rc1 Kb8 15. Na4 Nxa4 16. Qxa4 Qg5 17. g3 Bf5 18. Qc2 Bxd3 19. Qxd3 Nf6 20. h4 Qg4 21. Qc2 Qe4 22. h5 Rhe8 23. Nf4 Qxc2+ 24. Kxc2 Kc7 25. Kd3 Kd6 26. b4 Nd7 27. Rh4 Nb6 28. Rg4 Rg8 29. a4 Nxa4 30. Ra1 b5 31. Kc2 Rd7 32. Nd3 Rc7 33. Nc5 Nxc5 34. dxc5+ Ke6 35. Kd3 g6 36. Ra6 g5 37. Rd4 f5 38. f3 Re8 39. Kd2 Kd7 40. Rd3 Kc8 41. Rda3 Kb8 42. Ra1 Re6 43. R1a3 Rce7 44. Rd3 Kb7 45. Ra1 f4 46. exf4 gxf4 47. g4 Re2+ 48. Kc3 R2e3 49. Rd1 a5 50. bxa5 Ka6 51. Kb4 Re2 52. R1d2 Re1 53. Rd1 R7e3 54. R1d2 Rb1+ 55. Kc3 Rc1+ 56. Kb2 Rxc5 57. Rxe3 fxe3 58. Re2 d4 59. f4 Kxa5 60. Rg2 d3 61. g5 hxg5 62. fxg5 d2 63. Rg1 e2 64. Ra1+ Kb4 65. h6 d1=Q 0-1

[Event "January 9 Late 2024"]
[Site "https://www.chess.com"]
[Date "2024.01.09"]
[Round "3"]
[White "Djokic, Mihailo"]
[Black "Novikova, Galina"]
[Result "1-0"]
[Board "93"]
[TimeControl "180+1"]
[WhiteFideId "976440"]
[BlackFideId "4157095"]
[WhiteElo "2672"]
[BlackElo "2505"]
[WhiteTeam "SRB"]
[BlackTeam "RUS"]
[WhiteClock "0:00:33"]
[BlackClock "0:00:00"]

1. e4 e6 2. d4 d5 3. Nc3 Bb4 4. e5 c5 5. a3 Bxc3+ 6. bxc3 Ne7 7. h4 Nbc6 8. h5 h6 9. Nf3 Qa5 10. Bd2 Qa4 11. Rh4 Nf5 12. Rf4 Bd7 13. g4 Nfe7 14. Qb1 c4 15. Nh4 Qa5 16. Qb2 g5 17. hxg6 Nxg6 18. Nxg6 fxg6 19. Rf6 g5 20. Rb1 b6 21. Qc1 O-O-O 22. Qd1 Qxa3 23. Qf3 Rdf8 24. Bg2 Qe7 25. Rxf8+ Rxf8 26. Qh3 Qg7 27. Ke2 Kb7 28. Rh1 Rh8 29. f4 gxf4 30. Bxf4 Qg6 31. Kd2 Ne7 32. Qh5 Qg8 33. Bxh6 Ba4 34. Qg5 Qe8 35. Ra1 b5 36. Rf1 Nc6 37. Qg7+ Ka6 38. g5 b4 39. Rf7 bxc3+ 40. Kxc3 Qb8 41. Kd2 Qb4+ 42. Ke3 Qc3+ 43. Kf2 Qxd4+ 44. Kg3 Qxe5+ 45. Qxe5 Nxe5 46. Re7 Nc6 47. Rxe6 Kb5 48. Bxd5 Nd4 49. Re4 Nf5+ 50. Kf4 Nxh6 51. Bxc4+ Kc5 52. gxh6 Rxh6 53. Kg5 Rh8 54. Bd3 Bc6 55. Rc4+ Kb6 56. Rb4+ Kc7 57. Kf6 Rh6+ 58. Ke5 Rh5+ 59. Kf6 Rh6+ 60. Kg5 Rh8 61. Kf4 a5 62. Rb1 Re8 63. Ra1 Kb6 64. Rb1+ Kc5 65. Bg6 Re7 66. Rb8 a4 67. Rc8 Kb6 68. Rb8+ Kc5 69. c3 Ra7 70. Bb1 a3 71. Ba2 Bd5 72. Rc8+ Kd6 73. Rd8+ Kc5 74. Rxd5+ Kc6 75. Rd4 Rb7 76. Bd5+ 1-0

[Event "January 9 Late 2024"]
[Site "https://www.chess.com"]
[Date "2024.01.09"]
[Round "3"]
[White "Mizzi, Jack"]
[Black "Annaberdiyev, Meylis"]
[Result "0-1"]
[Board "94"]
[TimeControl "180+1"]
[WhiteFideId "5602521"]
[BlackFideId "14000563"]
[WhiteElo "2503"]
[BlackElo "2672"]
[WhiteTeam "MLT"]
[BlackTeam "TKM"]
[WhiteClock "0:00:00"]
[BlackClock "0:00:10"]

1. d4 Nf6 2. c4 e6 3. g3 d5 4. Bg2 Bb4+ 5. Nd2 O-O 6. Qc2 c6 7. Nf3 Nbd7 8. O-O a5 9. e4 Be7 10. e5 Ne8 11. h4 b6 12. cxd5 cxd5 13. b3 Ba6 14. Rd1 Rc8 15. Qb1 Nc7 16. Bb2 Nb5 17. Qd3 Nb8 18. Qe3 Nc6 19. a4 Nc7 20. Bf1 Bxf1 21. Nxf1 Na6 22. Rac1 Nab4 23. Qe2 Qd7 24. Ne3 Qb7 25. Kg2 Qa6 26. Qxa6 Nxa6 27. h5 h6 28. Rc3 Rc7 29. Rdc1 Rfc8 30. g4 f6 31. R3c2 Nab4 32. Rd2 fxe5 33. dxe5 Nd8 34. Rcd1 Bc5 35. Bd4 Ndc6 36. Bxc5 bxc5 37. Rc1 Ne7 38. g5 d4 39. Nc4 Ned5 40. gxh6 gxh6 41. Kh2 Rg7 42. Nxa5 Rf8 43. Nh4 Rf4 44. Ng6 Rf5 0-1

[Event "January 9 Late 2024"]
[Site "https://www.chess.com"]
[Date "2024.01.09"]
[Round "3"]
[White "Atanasov, Anthony"]
[Black "Gryshko, Vitalii"]
[Result "1-0"]
[Board "95"]
[TimeControl "180+1"]
[WhiteFideId "2623897"]
[BlackFideId "14174286"]
[WhiteElo "2670"]
[BlackElo "2503"]
[WhiteTeam "CAN"]
[BlackTeam "UKR"]
[WhiteClock "0:01:14"]
[BlackClock "0:00:09"]

1. d4 Nf6 2. Nf3 c5 3. d5 e6 4. Nc3 exd5 5. Nxd5 Nxd5 6. Qxd5 Na6 7. e4 Nb4 8. Qb3 Be7 9. Bc4 O-O 10. h4 b5 11. Bd5 c4 12. Qc3 Nxd5 13. exd5 Bf6 14. Nd4 Re8+ 15. Be3 Bb7 16. O-O-O Bxd5 17. h5 a5 18. h6 b4 19. Qd2 c3 20. Qd3 Be4 21. Qb5 Rb8 22. Qh5 g6 23. Qg4 Qc7 24. Bf4 cxb2+ 25. Kb1 Qc3 26. Rh3 Bf5 27. Nxf5 Qc4 28. Re3 Rxe3 29. Nxe3 Qe4 30. Bxb8 1-0

[Event "January 9 Late 2024"]
[Site "https://www.chess.com"]
[Date "2024.01.09"]
[Round "3"]
[White "Pourkashiyan, Atousa"]
[Black "Baziuk, Vladyslav"]
[Result "0-1"]
[Board "96"]
[TimeControl "180+1"]
[WhiteFideId "12502014"]
[BlackFideId "34107940"]
[WhiteElo "2498"]
[BlackElo "2669"]
[WhiteTeam "USA"]
[BlackTeam "UKR"]
[WhiteClock "0:00:11"]
[BlackClock "0:00:27"]

1. d4 Nf6 2. c4 g6 3. Nc3 d5 4. cxd5 Nxd5 5. e4 Nxc3 6. bxc3 Bg7 7. Nf3 c5 8. Bc4 O-O 9. O-O Bg4 10. Be3 cxd4 11. cxd4 Nc6 12. Bd5 Bxf3 13. Qxf3 Nxd4 14. Bxd4 Bxd4 15. Rad1 e5 16. Bxb7 Rb8 17. Bd5 Rb2 18. g3 Kg7 19. h4 f5 20. Rxd4 exd4 21. Qa3 fxe4 22. Qxa7+ Kh8 23. Qxd4+ Qf6 24. Qxf6+ Rxf6 25. Bxe4 Rxa2 26. Bg2 Kg7 27. Bd5 Rb2 28. Bg2 Rd6 29. Rc1 Rdd2 30. Rf1 Kf6 31. Be4 Ke5 32. Bc6 Kd4 33. Kg2 Kd3 34. Kf3 Rb6 35. Be4+ Kd4 36. Bb1 Rf6+ 37. Kg2 Rb6 38. Kf3 Rb3+ 39. Kg2 Rbb2 40. Kf3 Ke5 41. Re1+ Kf6 42. Rf1 h6 43. Kg2 g5 44. hxg5+ Kxg5 45. Be4 h5 46. Bf3 h4 47. gxh4+ Kxh4 48. Rh1+ Kg5 49. Rf1 Kf4 50. Bc6 Rb6 51. Rc1 Rbb2 52. Rf1 Rd6 53. Rc1 Rg6+ 54. Kf1 Rh6 55. Rc4+ Ke5 56. Ke1 Rh2 57. f4+ Kd6 58. Rc1 Rhf2 59. Be4 Rbe2+ 0-1

[Event "January 9 Late 2024"]
[Site "https://www.chess.com"]
[Date "2024.01.09"]
[Round "3"]
[White "Goncalves, Davi Sulzbacher"]
[Black "Niedbala, Bartlomiej"]
[Result "0-1"]
[Board "97"]
[TimeControl "180+1"]
[WhiteFideId "2154510"]
[BlackFideId "21834008"]
[WhiteElo "2497"]
[BlackElo "2668"]
[WhiteTeam "BRA"]
[BlackTeam "POL"]
[WhiteClock "0:00:30"]
[BlackClock "0:00:51"]

1. d4 Nf6 2. c4 e6 3. Nc3 d5 4. Bg5 Nbd7 5. e3 c6 6. f4 h6 7. Bh4 Bb4 8. Nf3 g5 9. fxg5 Ne4 10. Qb3 Bxc3+ 11. bxc3 hxg5 12. Bf2 g4 13. Nd2 Nxf2 14. Kxf2 g3+ 15. Kxg3 Qh4+ 16. Kf3 e5 17. Ke2 Qg4+ 18. Kf2 Nf6 19. Be2 Qf5+ 20. Kg1 Qg5 21. Nf1 Bh3 22. g3 Bxf1 23. Kxf1 Qxe3 24. Qxb7 O-O 25. Qb2 Ne4 26. Kg2 Qf2+ 27. Kh3 Kg7 0-1

[Event "January 9 Late 2024"]
[Site "https://www.chess.com"]
[Date "2024.01.09"]
[Round "3"]
[White "Rosen, Eric"]
[Black "Tao, Sihan"]
[Result "1-0"]
[Board "98"]
[TimeControl "180+1"]
[WhiteFideId "2032562"]
[BlackFideId "30982677"]
[WhiteElo "2665"]
[BlackElo "2496"]
[WhiteTeam "USA"]
[BlackTeam "USA"]
[WhiteClock "0:00:41"]
[BlackClock "0:00:31"]

1. d4 Nf6 2. Bf4 d5 3. e3 c5 4. Nf3 Nc6 5. Nbd2 cxd4 6. exd4 Bf5 7. c3 e6 8. Be2 Bd6 9. Bxd6 Qxd6 10. O-O O-O 11. Re1 Qc7 12. a4 h6 13. h3 Ne4 14. Nxe4 Bxe4 15. Bd3 Bxd3 16. Qxd3 Qf4 17. Nd2 Rac8 18. Re3 Na5 19. Rf3 Qd6 20. Rg3 Nc4 21. Nxc4 Rxc4 22. b3 Rc7 23. Qd2 Kh7 24. b4 Rfc8 25. Re1 Rc4 26. Ree3 Qc6 27. a5 b6 28. Ref3 Rc7 29. axb6 Qxb6 30. Qf4 a5 31. Rxg7+ Kxg7 32. Qf6+ Kh7 33. Rg3 1-0

[Event "January 9 Late 2024"]
[Site "https://www.chess.com"]
[Date "2024.01.09"]
[Round "3"]
[White "Novikov, Evgenij"]
[Black "Kleiman, Jake"]
[Result "0-1"]
[Board "99"]
[TimeControl "180+1"]
[WhiteFideId "4125380"]
[BlackFideId "2020041"]
[WhiteElo "2495"]
[BlackElo "2665"]
[WhiteTeam "RUS"]
[BlackTeam "USA"]
[WhiteClock "0:00:26"]
[BlackClock "0:00:14"]

1. f4 d5 2. Nf3 c6 3. d3 Nf6 4. c3 Bg4 5. Ne5 Bf5 6. e4 dxe4 7. Qb3 e6 8. Qxb7 Nbd7 9. dxe4 Bxe4 10. Nd2 Rb8 11. Qxa7 Bc5 12. Qa4 Bd5 13. Nxc6 Bxc6 14. Qxc6 O-O 15. Nb3 Ba7 16. Bd2 Ng4 17. Bb5 Ndf6 18. O-O-O Nf2 19. Be2 Nxh1 20. Rxh1 Nd5 21. Bf3 Rc8 22. Qb5 Be3 23. Rd1 Bxd2+ 24. Rxd2 Qf6 25. Bxd5 exd5 26. g3 Ra8 27. Qxd5 Rxa2 28. Nc5 Ra1+ 29. Kc2 Qg6+ 30. Qd3 Qc6 31. Ne4 Qa4+ 32. b3 Qa2# 0-1

[Event "January 9 Late 2024"]
[Site "https://www.chess.com"]
[Date "2024.01.09"]
[Round "3"]
[White "Boyer, Mahel"]
[Black "Martins, Vinicius Tine"]
[Result "1-0"]
[Board "100"]
[TimeControl "180+1"]
[WhiteFideId "45102422"]
[BlackFideId "2112884"]
[WhiteElo "2665"]
[BlackElo "2494"]
[WhiteTeam "FRA"]
[BlackTeam "BRA"]
[WhiteClock "0:00:23"]
[BlackClock "0:00:02"]

1. e4 d6 2. d4 Nf6 3. Qe2 e5 4. Nf3 Nc6 5. d5 Ne7 6. c4 g6 7. h4 Bg7 8. g3 O-O 9. Nc3 Ng4 10. Bh3 a6 11. Ng5 h5 12. f3 Nh6 13. Bxc8 Qxc8 14. Be3 b5 15. cxb5 axb5 16. Nxb5 Qb7 17. a4 Rfb8 18. O-O c6 19. dxc6 Nxc6 20. Rfc1 Nd4 21. Bxd4 exd4 22. Rc7 Qb6 23. Qc4 d3+ 24. Kg2 Rb7 25. Nxf7 Rxc7 26. Nxh6+ Kh7 27. Qxc7 Qxc7 28. Nxc7 Rc8 29. Nb5 Bxh6 30. Rd1 Rc2+ 31. Kh3 d2 32. f4 Rxb2 33. Nxd6 Bf8 34. e5 Kg7 35. Nc4 Rb4 36. Ne3 Rd4 37. Kg2 Bb4 38. Nc2 1-0

[Event "January 9 Late 2024"]
[Site "https://www.chess.com"]
[Date "2024.01.09"]
[Round "3"]
[White "Msellek, Ilyass"]
[Black "Martinez Pla, Xavier"]
[Result "1-0"]
[Board "101"]
[TimeControl "180+1"]
[WhiteFideId "675938"]
[BlackFideId "32074271"]
[WhiteElo "2664"]
[BlackElo "2491"]
[WhiteTeam "MAR"]
[BlackTeam "ESP"]
[WhiteClock "0:00:55"]
[BlackClock "0:00:03"]

1. d4 Nf6 2. c4 e6 3. Nc3 Bb4 4. e3 O-O 5. Bd3 d5 6. a3 Bxc3+ 7. bxc3 dxc4 8. Bxc4 c5 9. Nf3 Qc7 10. Be2 b6 11. Bb2 Bb7 12. O-O Nc6 13. c4 cxd4 14. exd4 Rad8 15. Rc1 Qf4 16. Qa4 Rfe8 17. Rfd1 h5 18. Rc2 Na5 19. Bc1 Qc7 20. Bg5 Be4 21. Rcc1 Rc8 22. Ne5 Nc6 23. Nf3 Bg6 24. d5 exd5 25. cxd5 Rxe2 26. Rxc6 Qd7 27. Rxc8+ Qxc8 28. Bxf6 gxf6 29. d6 Bc2 30. d7 Qd8 31. Qc4 Kf8 32. Qxe2 1-0

[Event "January 9 Late 2024"]
[Site "https://www.chess.com"]
[Date "2024.01.10"]
[Round "3"]
[White "Saha, Ananda"]
[Black "Shandrygin, Nikita"]
[Result "1-0"]
[Board "102"]
[TimeControl "180+1"]
[WhiteFideId "2619644"]
[BlackFideId "24198668"]
[WhiteElo "2487"]
[BlackElo "2661"]
[WhiteTeam "CAN"]
[BlackTeam "RUS"]
[WhiteClock "0:00:47"]
[BlackClock "0:00:38"]

1. d4 d5 2. Nf3 Nc6 3. Bf4 Bg4 4. e3 e6 5. c4 Bd6 6. Bxd6 Qxd6 7. Nc3 Nf6 8. a3 O-O 9. h3 Bh5 10. cxd5 exd5 11. Bd3 Nd8 12. Qc2 Bxf3 13. gxf3 c5 14. Nb5 Qb6 15. Qxc5 Qxc5 16. dxc5 Ne6 17. b4 a5 18. Kd2 Nd7 19. f4 Nb8 20. f5 Ng5 21. Nc7 Ra7 22. b5 Nd7 23. b6 Raa8 24. Nxa8 Rxa8 25. Rac1 Nf3+ 26. Ke2 Nfe5 27. f4 Nc6 28. Bb5 Kf8 29. Rhd1 Nf6 30. Bxc6 bxc6 31. Rb1 Rb8 32. a4 Ne4 33. Rb3 Nxc5 34. Rc3 Nxa4 35. Rxc6 Rxb6 36. Rc8+ Ke7 37. Rxd5 g6 38. Rxa5 Rb2+ 39. Kf3 Nb6 40. Ra7+ Kd6 41. Rb8 gxf5 42. Rab7 Kc6 43. Rxf7 Kc5 44. Rxf5+ 1-0